 Dungeon Crawl Stone Soup version 0.25-a0-589-g1e14c549ee (webtiles) character file.

Game seed: 2105127990801886463, levelgen mode: deterministic

81 HailSeitan the Slasher (level 4, -2/31 HPs)
             Began as an Octopode Fighter on Mar 9, 2020.
             Slain by a goblin (3 damage)
             ... on level 2 of the Dungeon.
             The game lasted 00:03:21 (946 turns).

HailSeitan the Slasher (Octopode Fighter)            Turns: 946, Time: 00:03:22

Health: -2/31      AC:  1    Str: 15    XL:     4   Next: 42%
Magic:  4/4        EV: 11    Int: 11    God:
Gold:   15         SH:  8    Dex: 11    Spells: 3/3 levels left

rFire    . . .     SeeInvis .   a - +0 long sword
rCold    . . .     Gourm    .   b - +0 kite shield
rNeg     . . .     Faith    .   (helmet restricted)
rPois    .         Spirit   .   (no amulet)
rElec    .         Reflect  .   (no ring)
rCorr    .         Harm     .   (no ring)
MR       .....                  (no ring)
Stlth    ++........             (no ring)
HPRegen  0.10/turn              (no ring)
MPRegen  0.09/turn              (no ring)
                                (no ring)
                                (no ring)

@: lethally poisoned (-2 -> -9)
A: almost no armour, stealthy swim, amphibious, 8 rings, constrict 8, camouflage
1, gelatinous body 1
a: no special abilities


You were on level 2 of the Dungeon.
You were not hungry.

You visited 1 branch of the dungeon, and saw 2 of its levels.

You collected 15 gold pieces.

Inventory:

Hand Weapons
 a - a +0 long sword (weapon)
Missiles
 g - 12 curare-tipped darts (quivered)
Armour
 b - a +0 kite shield (worn)
Scrolls
 e - a scroll of remove curse {unknown}
 h - a scroll of amnesia {unknown}
Potions
 c - 2 potions of might
Comestibles
 d - 4 rations
 f - 6 chunks of flesh


   Skills:
 - Level 3.0 Fighting
 + Level 4.5 Long Blades
 - Level 3.0 Dodging
 - Level 3.0 Shields


You had 3 spell levels left.
You didn't know any spells.
Your spell library was empty.

Dungeon Overview and Level Annotations

Branches:
Dungeon (2/15)

Altars:


Innate Abilities, Weirdness & Mutations

You cannot wear most types of armour.
You are very stealthy in the water. (Stealth+)
You are amphibious.
You can wear up to eight rings at the same time.
You can use your tentacles to constrict eight enemies at once.
Your skin changes colour to match your surroundings (Stealth+).
Your rubbery body absorbs attacks. (AC +1, EV +1)


Message History

You constrict the adder.
You feel sick. The adder barely misses you. The goblin hits you.
The adder bites you.
* * * LOW HITPOINT WARNING * * *
Unknown command.
Okay, then.
You hit the adder.
The adder is heavily wounded.
You constrict the adder.
* * * LOW HITPOINT WARNING * * *
You feel sick. The goblin hits you.
* * * LOW HITPOINT WARNING * * *
You block the adder's attack.
You slash the adder!
You kill the adder!
* * * LOW HITPOINT WARNING * * *
You feel sick. You block the bat's attack. The goblin barely misses you.
The goblin hits you.
* * * LOW HITPOINT WARNING * * *
You block the bat's attack. The goblin hits you.
You die...

.#.......###
..........# ....
>#.##.#..... ## ....
##.##.#.####... ...
##.##.#.# #... #..
#....#.# #...###..
####...##..# #..
#.......# #b#
####.#.(.#.####@#
...#.#.#...#.gg.#
#.....#)#..##.#####.
#..........g>........
#...#.#.#.g...#######
#...#.......###
####....#.g.#
##.#.)..#..#
#......###...#


You could see 3 gnolls, a goblin and a bat.

Vanquished Creatures
  A centaur skeleton (D:2)
  An adder (D:2)
  2 worms (D:2)
  A dart slug (D:1)
  3 leopard geckos
  2 ball pythons (D:1)
  A giant cockroach (D:1)
  5 goblins (D:1)
  4 hobgoblins
  3 jackals (D:1)
  2 bats (D:1)
  3 frilled lizards (D:1)
  4 kobolds
  A rat (D:1)
33 creatures vanquished.

Notes
Turn   | Place    | Note
-------+----------+-------------------------------------------
     0 | D:1      | HailSeitan the Octopode Fighter began the quest for the
                  | Orb.
     0 | D:1      | Reached XP level 1. HP: 16/16 MP: 1/1
    98 | D:1      | Reached XP level 2. HP: 21/21 MP: 2/2
   108 | D:1      | Reached skill level 3 in Long Blades
   378 | D:1      | Reached XP level 3. HP: 26/26 MP: 3/3
   917 | D:2      | Reached skill level 4 in Long Blades
   917 | D:2      | Reached XP level 4. HP: 31/31 MP: 4/4
   945 | D:2      | HP: 1/31 [goblin (3)]
   946 | D:2      | Slain by a goblin

Levels and vault maps discovered:
D:1:      dpeg_arrival_long_road, layout_basic
D:2:      layout_rooms, first_ration, minmay_pentomino_v2

Skill      XL: |  1  2  3 |
---------------+----------+-----
Long Blades    | 3 4 |  4.5
Fighting       | |  3.0
Dodging        | |  3.0
Shields        | |  3.0

Action                   |  1- 3 |  4- 6 || total
-------------------------+-------+-------++-------
Melee: Long sword        |    47 |     8 ||    55
       Constrict         |    11 |     2 ||    13
       Tentacles         |     9 |     1 ||    10
  Use: Potion            |     1 |       ||     1
 Stab: Sleeping          |     6 |       ||     6
Armor: Skin              |     1 |       ||     1
Dodge: Dodged            |    24 |     4 ||    28
Block: Kite shield       |    16 |     4 ||    20
       Rpst.: Long sword |     9 |     1 ||    10

Table legend:
 A = Non-vault XP
 B = Vault XP
 C = Vault XP percentage of total XP
 D = Non-vault monster count
 E = Vault monster count
 F = Vault count percentage of total count
                 A         B        C        D         E       F
            +---------+---------+-------+---------+---------+-------
      Total |     117 |       0 |   0.0 |      33 |       0 |   0.0
            +---------+---------+-------+---------+---------+-------
        D:1 |      47 |       0 |   0.0 |      26 |       0 |   0.0
        D:2 |      70 |       0 |   0.0 |       7 |       0 |   0.0
            +---------+---------+-------+---------+---------+-------
